 Dungeon Crawl Stone Soup version 0.28-a0-1235-g7c8fac35f0 (webtiles) character file.

Game seed: 3443894844321950994

0 Gargoyl the Skirmisher (level 1, -5/23 HPs)
             Began as a Gnoll Abyssal Knight on Dec 25, 2021.
             Was a Follower of Lugonu.
             Slain by an ice devil (8 damage)
             ... on level 1 of the Abyss.
             The game lasted 00:00:23 (96 turns).

Gargoyl the Skirmisher (Gnoll Abyssal Knight)         Turns: 96, Time: 00:00:24

Health: -5/23      AC:  3    Str: 12    XL:     1   Next: 0%
Magic:  3/3        EV: 12    Int:  9    God:    Lugonu [*.....]
Gold:   0          SH:  0    Dex: 12    Spells: 0/0 levels left

rFire   . . .      SeeInvis .   a - +1 hand axe
rCold   . . .      Faith    .   (no shield)
rNeg    . . .      Spirit   .   b - +0 leather armour
rPois   .          Reflect  .   (no helmet)
rElec   .          Harm     .   (no cloak)
rCorr   .          Rampage  .   (no gloves)
Will    .....                   (no boots)
Stlth   +.........              (no amulet)
HPRegen 0.07/turn               (no ring)
MPRegen 0.08/turn               (no ring)

@: no status effects
A: fangs 1, strong nose, distributed training
a: Renounce Religion, Depart the Abyss


You were on level 1 of the Abyss.
You worshipped Lugonu.
Lugonu was aware of your devotion.
You visited 0 branches of the dungeon, and saw 0 of its levels.
You visited the Abyss 1 time.

Inventory:

Hand Weapons
 a - a +1 hand axe (weapon)
Armour
 b - a +0 leather armour (worn)
Jewellery
 c - a +6 ring of intelligence


   Skills:
 + Level 6.4 Fighting
 + Level 0.0 Short Blades
 + Level 0.0 Long Blades
 + Level 4.4 Axes
 + Level 0.0 Maces & Flails
 + Level 0.0 Polearms
 + Level 0.0 Staves
 + Level 0.0 Slings
 + Level 0.0 Bows
 + Level 0.0 Crossbows
 + Level 0.0 Throwing
 + Level 4.4 Armour
 + Level 2.3 Dodging
 + Level 0.0 Stealth
 + Level 0.0 Shields
 + Level 0.0 Unarmed Combat
 + Level 0.0 Spellcasting
 + Level 0.0 Conjurations
 + Level 0.0 Hexes
 + Level 0.0 Summonings
 + Level 0.0 Necromancy
 + Level 0.0 Translocations
 + Level 0.0 Transmutations
 + Level 0.0 Fire Magic
 + Level 0.0 Ice Magic
 + Level 0.0 Air Magic
 + Level 0.0 Earth Magic
 + Level 0.0 Poison Magic
 + Level 4.4 Invocations
 + Level 0.0 Evocations


You couldn't memorise any spells.
You didn't know any spells.
Your spell library was empty.

Dungeon Overview and Level Annotations

Branches:
Dungeon (0/15)

Altars:


Innate Abilities, Weirdness & Mutations

You have very sharp teeth.
Your uncanny sense of smell can sniff out nearby items.
Your experience applies equally to all skills.


Message History

Unknown command.
Press < or > to pray at altars.
You see here a +0 club.
Found a spear.
You see here a +0 spear.
You see here a +0 spear.
Found a leather armour.
Unknown command.
An iron imp comes into view.
An iron imp is nearby!
An iron imp is nearby!
Found 26 arrows and a tourmaline ring.
Found 9 gold pieces.
Unknown command.
You open the door.
An earth elemental and a smoke demon come into view.
The smoke demon roars!
There is an open door here.
A lurking horror comes into view.
An angel comes into view. It is wielding a +1 whip of holy wrath.
A large abomination comes into view.
You see here a +6 ring of intelligence.
c - a +6 ring of intelligence Unknown command.
You hit the lurking horror.
Your body is wracked with pain!
Unknown command.
A quasit comes into view.
The quasit gives a chilling moan.
A small abomination comes into view.
Found a dagger.
The quasit closely misses you. The quasit barely misses you.
The quasit closely misses you. The quasit misses you.
The quasit claws you but does no damage. x2
An ice devil comes into view.
Found a grey potion.
The ice devil hits you!
* * * LOW HITPOINT WARNING * * *
The ice devil freezes you!
You die...

#. # .. .#
#...#.. .# .#..
. .#.....####
#..#.#!...#
#4##..##.# #.
#@.#..#.###
....#.5..#.# .#
#......#...♣
#.###...≈≈.# ##
#
#.#...###x###...
..
..##.#.#3#...#
.. ##......##
.... #.#..##...#
##
..##.3#.....#.#


You could see an ice devil, a smoke demon, a small abomination and a quasit.

Vanquished Creatures
  A lurking horror (Abyss:1)
1 creature vanquished.

Notes
Turn   | Place    | Note
-------+----------+-------------------------------------------
     0 | Abyss:1  | Gargoyl the Gnoll Abyssal Knight began the quest for the
                  | Orb.
     0 | Abyss:1  | Reached XP level 1. HP: 23/23 MP: 3/3
    13 | Abyss:1  | Found a corrupted altar of Lugonu.
    50 | Abyss:1  | Noticed an iron imp
    69 | Abyss:1  | Noticed a smoke demon
    69 | Abyss:1  | Noticed an earth elemental
    72 | Abyss:1  | Noticed an angel
    73 | Abyss:1  | Noticed a large abomination
    81 | Abyss:1  | Noticed a quasit
    81 | Abyss:1  | Noticed a small abomination
    93 | Abyss:1  | Noticed an ice devil
    96 | Abyss:1  | Slain by an ice devil

Illustrated notes

Levels and vault maps discovered:
Abyss:1:  base: Temple, evilmike_abyss_exit_10, base:
Temple

Action                   || total
-------------------------++-------
Melee: Hand axe          ||     1
Armor: Leather armour    ||     2
Dodge: Dodged            ||     4

Table legend: (Time is in decaauts)
 A = Elapsed time spent in this place.
 B = Non-inter-level travel time spent in this place.
 C = Inter-level travel time spent in this place.
 D = Time resting spent in this place.
 E = Time spent auto-exploring this place.
 F = Levels seen in this place.
 G = Mean time per level.
                   A        B        C        D        E       F      G
               +--------+--------+--------+--------+--------+-----+--------+
         Total |     96 |     96 |      0 |      0 |     48 |   1 |   96.0 |
         Abyss |     96 |     96 |      0 |      0 |     48 |   1 |   96.0 |
               +--------+--------+--------+--------+--------+-----+--------+

Top non-repeatable levels by time:
 Abyss:1: 96 daAuts
